[Event "*** Titled Tuesday Blitz"]
[Site "Chess.com"]
[Date "2021.02.02"]
[Round "11"]
[White "WiktoriaPOL"]
[Black "Chuchofrio1"]
[Result "1-0"]
[WhiteElo "2026"]
[BlackElo "2243"]
[TimeControl "180+1"]
[EndTime "12:08:35 PST"]
[Termination "WiktoriaPOL won by checkmate"]

1. e4 e5 2. Nf3 Nc6 3. d4 exd4 4.
c3 d3 5. Bxd3 Bc5 6. O-O Nge7 7.
b4 Bb6 8. Be3 O-O 9. Nbd2 d5 10.
e5 Bg4 11. h3 Nxe5 12. Bxh7+ Kxh7 13. hxg4 N7g6 14. Bxb6 axb6 15. Nxe5 Nxe5 16. f4 Ng6 17. Qf3 Rh8 18. g3 Kg8 19. Kg2 d4 20. c4 Qd6 21. a3 Re8 22. Rae1 Kf8 23. Rxe8+ Kxe8 24. Re1+ Kf8 25. Qxb7 Kg8 26. Qc8+ Nf8 27. Ne4 Qh6 28. Nf2 Qh2+ 29. Kf3 Qh6 30. Re8 Qc6+ 31. Ne4 Kh7 32. Rxf8 Rxf8 33. Qxf8 d3 34. Qxf7 d2 35. Qh5+ Kg8 36.
Qh1 Qxc4 37. Qd1 Qd3+ 38. Kf2 Qxe4 39. Qxd2 Qe7 40. Qd5+ Kh7 41. Qh5+ Kg8 42. Qe5 Qf8 43. Qe6+ Kh8 44. Ke3 Qd8 45. Qe5 c5 46. bxc5 bxc5 47. Qxc5 Qe8+ 48. Kd3 Qd8+ 49. Qd4 Qb6 50. a4 Qb3+ 51.
Ke4 Qc2+ 52. Qd3 Qc6+ 53. Ke3 Qxa4 54. Qd8+ Kh7 55. Qh4+ Kg6 56. Qh5+ Kf6 57. Qg5+ Kf7 58.
Qf5+ Kg8 59. Qd5+ Kh7 60. Qd3+ Kh8 61. Qd8+ Kh7 62. Qd3+ Kg8 63. Qd5+ Kh7 64. Qe4+ Kh6 65. Qxa4 g5 66. Qa6+ Kh7 67. fxg5 Kg7 68. Qf6+ Kg8 69. Qg6+ Kh8 70. Qh6+ Kg8 71. Qe6+ Kh7 72. g6+ Kg7 73.
Qf7+ Kh6 74. Qh7+ Kg5 75. g7 Kf6 76. g8=Q Ke5 77. Qf5+ Kd6 78. Qge6+ Kc7 79. Qc5+ Kb8 80. Qeb6+ Ka8 81. Qca5# 1-0

[Event "*** Titled Tuesday Blitz"]
[Site "Chess.com"]
[Date "2021.02.02"]
[Round "11"]
[White "Balla_Tamas"]
[Black "SlavenPastar"]
[Result "1/2-1/2"]
[WhiteElo "2499"]
[BlackElo "2624"]
[TimeControl "180+1"]
[EndTime "12:08:36 PST"]
[Termination "Game drawn by repetition"]

1. d4 b6 2. e4 Bb7 3. Bd3 Nf6 4. Qe2 e6 5. Nf3 d5 6. e5 Ne4 7. Nbd2 Nxd2 8. Bxd2 c5 9. c3 Be7 10. O-O a5 11.
Rfd1 Ba6 12. c4 cxd4 13. cxd5 Qxd5 14. Bxa6 Nxa6 15. Be3 O-O 16. Rxd4 Qb7 17. Rad1 Nc5 18. Qb5 h6 19. h3 Qa6 20. Qxa6 Rxa6 21. Rc4 Raa8 22.
a3 Rfd8 23. Rxd8+ Rxd8 24. b4 axb4 25. axb4 Na4 26. Nd4 Rd5 27. f4 b5 28. Rc8+ Kh7 29.
Nc6 Rd7 30. Rb8 Nc3 31. Nxe7 Rxe7 32. Bd2 Ne4 33. Be1 Rd7 34. Kf1 Rd1 35. Ke2 Rb1 36. Rxb5 Rb2+ 37. Kf1 Rb1 38. Ke2 Kg6 39. g4 h5 40. Rb7 hxg4 41. hxg4 Rb2+ 42. Kd3 Rb1 43. Kxe4 Rxe1+ 44. Kf3 Rb1 45. b5 Rb4 46. b6 f6 47.
exf6 gxf6 48. Rb8 e5 49. fxe5 fxe5 50. b7 Kg7 51. Ke3 Kh7 52. Kd3 e4+ 53. Ke3 Kg7 54. Kf4 Kh7 55. g5 Kg7 56. g6 Rb5 57. Kxe4 Rb6 58.
Kf5 Rb5+ 59. Ke6 Rb6+ 60. Kd7 Rb1 61. Kc6 Rc1+ 62. Kd5 Rd1+ 63. Ke4 Re1+ 64. Kf5 Rb1 65.
Ke6 Re1+ 66. Kd6 Rd1+ 67. Kc5 Rc1+ 68. Kb4 Rb1+ 69. Kc3 Rb6 70. Kc4 Rb1 71. Kc5 Rc1+ 72. Kd6 Rd1+ 73. Ke5 Re1+ 74. Kf5 Rf1+ 75. Kg5 Rg1+ 76.
Kf4 Rf1+ 77. Ke5 Re1+ 78. Kd6 Rd1+ 1/2-1/2

[Event "*** Titled Tuesday Blitz"]
[Site "Chess.com"]
[Date "2021.02.02"]
[Round "11"]
[White "Paralinch"]
[Black "Sippp"]
[Result "1-0"]
[WhiteElo "2906"]
[BlackElo "2777"]
[TimeControl "180+1"]
[EndTime "12:08:37 PST"]
[Termination "Paralinch won on time"]

1. e4 c5 2. Nf3 g6 3. c3 d5 4. exd5 Qxd5 5. d4 Bg7 6. Nbd2 cxd4 7. Bc4 Qd8 8. Nxd4 Nf6 9. O-O O-O 10. Re1 Nc6 11.
Nxc6 bxc6 12. Nf3 Nd5 13. Qe2 Re8 14. h3 e5 15. Bb3 Qc7 16. Ng5 a5 17. Qf3 h6 18.
Ne4 f5 19. Nc5 e4 20. Qg3 Qxg3 21. fxg3 Bf8 22. Be3 Kh7 23. Bxd5 cxd5 24. Red1 Bxc5 25. Bxc5 Be6 26. a4 Rec8 27. b4 g5 28. Rd2 Kg6 29.
Rf2 Rc6 30. Bd4 Rc4 31. b5 Bd7 32. h4 Rac8 33. Rb2 f4 34. b6 Rb8 35. b7 Bc6 36. gxf4 gxf4 37. Rab1 Kf5 38. Rb6 e3 39. Kf1 Ke4 40. Ke2 h5 41. R1b2 Bd7 42. Ke1 Kd3 43. Rd6 Bc6 44. Rb6 Rxb7 45. Rdxc6 Rxc6 46. Rxb7 Rc4 47.
Rb1 Rxa4 48. Rd1+ Ke4 49. Bf6 Ra2 50. Rd4+ Kf5 51. Bg5 Rf2 52. Rxd5+ Kg4 53. Rd4 Kg3 54. c4 a4 55. c5 a3 56. Ra4 a2 57. c6 Rc2 58. Bxf4+ Kxg2 59. Bxe3 Rxc6 60. Rxa2+ Kf3 61. Bg5 Re6+ 62. Kf1 Rb6 63. Ra3+ Kg4 64. Kf2 Rb2+ 65.
Ke3 Rg2 66. Ra4+ Kh3 67. Rd4 Rg3+ 68. Ke4 Rg1 69. Ke5 Rf1 70. Rf4 Ra1 71. Kf5 Ra6 72. Rf3+ Kg2 73. Re3 1-0

[Event "*** Titled Tuesday Blitz"]
[Site "Chess.com"]
[Date "2021.02.02"]
[Round "11"]
[White "ural58"]
[Black "Kovalchuk94"]
[Result "0-1"]
[WhiteElo "2488"]
[BlackElo "2639"]
[TimeControl "180+1"]
[EndTime "12:08:38 PST"]
[Termination "Kovalchuk94 won on time"]

1. e4 e5 2. f4 exf4 3. Bc4 Nf6 4. Nc3 c6 5. Bb3 d5 6. exd5 cxd5 7. d4 Bd6 8. Nge2 f3 9. gxf3 O-O 10. Bg5 h6 11.
Bh4 Be6 12. Qd2 Nbd7 13. O-O-O Nb6 14. Rhg1 Kh8 15. Nf4 Qc7 16. Nxe6 fxe6 17. Nb5 Qd7 18. Nxd6 Qxd6 19. Rg6 Ng8 20. Rdg1 Rf7 21. Bg3 Qe7 22. Be5 Kh7 23. Rxg7+ Rxg7 24. Rxg7+ Qxg7 25. Bxg7 Kxg7 26. c3 Rf8 27. Bc2 Ne7 28. Qe3 Rf6 29. b3 Nd7 30. c4 Kf7 31. Kb2 b6 32. a4 a5 33. c5 bxc5 34. dxc5 e5 35. Qd3 Nxc5 36. Qh7+ Ke6 37. b4 axb4 38. a5 Rxf3 39. Qxh6+ Rf6 40. Qh3+ Kd6 41. Qg3 Nc6 42. Qg7 Rf2 43. Qg3 Rf6 44.
Qg5 Rf4 45. Qh6+ Kc7 46. h4 Nxa5 47. Qg7+ Kd6 48. h5 Nc4+ 49. Ka2 b3+ 50. Bxb3 Rf2+ 51. Kb1 Nxb3 52. Qg6+ Kc5 53. Qg1 Nbd2+ 54. Ka1 Ne4 55. h6 Na3 56. Qxf2+ Nxf2 57. h7 Nc2+ 58. Kb2 Nb4 59.
h8=Q Nfd3+ 60. Kb3 e4 61. Qe8 Kd4 62. Qd8 Ke3 63. Qf6 Ke2 64. Qh4 Ke3 65. Qg3+ Ke2 66. Qg2+ Ke3 67. Qg3+ Kd4 68. Qg7+ Kc5 69. Qf8+ Kc6 70.
Qg7 Na6 71. Qf6+ Kb5 72. Kc3 Ndc5 73. Kd4 Nb4 0-1

[Event "*** Titled Tuesday Blitz"]
[Site "Chess.com"]
[Date "2021.02.02"]
[Round "11"]
[White "Man-Chuk"]
[Black "Arseniy_Nesterov"]
[Result "1-0"]
[WhiteElo "2937"]
[BlackElo "2837"]
[TimeControl "180+1"]
[EndTime "12:08:44 PST"]
[Termination "Man-Chuk won on time"]

1. c4 e5 2. Nc3 Bb4 3. Nd5 Bc5 4.
Nf3 c6 5. Nc3 d6 6. e3 Qe7 7. d4 exd4 8. Nxd4 Nf6 9. Be2 O-O 10.
O-O Nbd7 11. b3 Ne5 12. Bb2 a5 13. h3 Re8 14. Re1 Bd7 15. Kh1 Rad8 16. a3 Bc8 17. Qd2 d5 18. cxd5 cxd5 19. Bb5 Bd7 20. Bxd7 Qxd7 21. Rad1 Ne4 22. Qc2 Bxd4 23. Rxd4 Nf3 24. Nxe4 Nxd4 25. Nf6+ gxf6 26. Bxd4 Qe6 27. Qe2 Rc8 28.
Qh5 Rc2 29. Kg1 Rec8 30. Qh4 Rc1 31. Rxc1 Rxc1+ 32. Kh2 Qd6+ 33. f4 Rc6 34. Qg4+ Kh8 35. Qf5 Qe6 36. Qh5 Kg8 37. Qh4 b6 38. Qg3+ Kh8 39. Qf3 Kg8 40. Qg3+ Kf8 41. Qh4 Qf5 42. Qh6+ Kg8 43. Qh4 Kg7 44. Qg3+ Kf8 45. Qh4 Ke7 46.
Qg3 Qe4 47. b4 axb4 48. axb4 Qf5 49. b5 Rc2 50. Bxb6 Qe4 51. Bd4 Kd7 52. b6 Kc6 53. f5 Kb7 54. Qg4 Qxg4 55. hxg4 Ka6 56. Kg3 Kb7 57. Kf3 Ra2 58. g3 h6 59. Bc5 Kc6 60. Bd4 Rh2 61. Bxf6 Kxb6 62. g5 hxg5 63.
Kg4 Kc5 64. Kxg5 Kc4 65. Bd4 Kd3 66. Kf6 Ke4 67. g4 Rg2 68. Kxf7 Rxg4 69. Ke6 Rg8 70. f6 Re8+ 71. Kd7 Rb8 72. f7 Rb7+ 73. Ke6 Rb8 74. Ke7 Rb7+ 75. Kf6 Rb8 76. Kg7 Rb7 77. Kg8 1-0

[Event "*** Titled Tuesday Blitz"]
[Site "Chess.com"]
[Date "2021.02.02"]
[Round "11"]
[White "PotapovaM"]
[Black "RD4ever"]
[Result "0-1"]
[WhiteElo "2650"]
[BlackElo "2842"]
[TimeControl "180+1"]
[EndTime "12:08:58 PST"]
[Termination "RD4ever won by checkmate"]

1. d4 Nf6 2. c4 g6 3. Nc3 Bg7 4. e4 O-O 5. h3 d6 6. Be3 c5 7. d5 e6 8. Bd3 exd5 9. exd5 Re8 10. Nf3 Rxe3+ 11. fxe3 Qe7 12. e4 Nbd7 13. O-O Nh5 14. Qd2 Ne5 15. Nxe5 Bxe5 16. Rf3 Bd7 17. Raf1 Rf8 18.
Ne2 a6 19. g4 Nf6 20. Qg5 Nxd5 21. Qxe7 Nxe7 22. b3 Kg7 23. Nf4 Nc6 24. Nd5 Bd4+ 25.
Kg2 Ne5 26. Rg3 b5 27. g5 Rb8 28. h4 h5 29. gxh6+ Kxh6 30. h5 Kg7 31. Nf6 Be6 32.
hxg6 fxg6 33. Nh5+ Kg8 34. Nf6+ Kg7 35. Nh5+ Kg8 36.
Nf6+ Kh8 37. Nd5 Kg7 38. Rh1 bxc4 39. Bxc4 Nxc4 40. bxc4 Rb2+ 41. Kf3 Be5 42. Rg2 Rb7 43. Rhg1 Bf7 44. Rc2 Bd4 45. Rf1 Be8 46. Kg2 Ba4 47.
Re2 Bc6 48. Rfe1 Rf7 49. Rf1 Rb7 50. Rfe1 Rb8 51. Rf1 Re8 52. Rfe1 Rb8 53. Rf1 Be5 54.
Ref2 Rb7 55. Re2 a5 56. Ref2 a4 57. Rf3 Be8 58. Nf6 Bc6 59. Nd5 Bd4 60. Rf4 a3 61.
R4f3 Bb2 62. Kh3 Bd7+ 63. Kg3 Ba4 64. Kh4 Bc2 65. Kg3 Bxe4 66. R3f2 Be5+ 67. Kh3 Bf5+ 68. Kg2 Rb2 69. Kf3 Bd3 70. Re1 Bxc4 71. Rg2 Bxd5+ 72.
Ke3 Bxg2 73. Rd1 Bd4+ 74. Kd3 Bd5 75. Re1 Bxa2 76. Re7+ Kf6 77. Re8 Be5 78. Rf8+ Bf7 79. Rd8 a2 80. Ra8 a1=Q 81. Rxa1 Rb3+ 82. Ke4 d5# 0-1

[Event "*** Titled Tuesday Blitz"]
[Site "Chess.com"]
[Date "2021.02.02"]
[Round "11"]
[White "bocah_sakit"]
[Black "Jospem"]
[Result "1-0"]
[WhiteElo "2842"]
[BlackElo "3012"]
[TimeControl "180+1"]
[EndTime "12:09:01 PST"]
[Termination "bocah_sakit won on time"]

1. e4 c5 2. Nf3 d6 3. d4 cxd4 4.
Nxd4 Nf6 5. Nc3 a6 6. Bg5 Nbd7 7. f4 Qb6 8. a3 h6 9. Bh4 g5 10. fxg5 hxg5 11. Bxg5 e6 12. Nb3 Be7 13. Qd2 Ng4 14. Bxe7 Kxe7 15. Nd4 Nde5 16. O-O-O Bd7 17. h3 Nf6 18.
Be2 Rag8 19. g4 Qc5 20. Rdf1 b5 21. Qe3 Ne8 22. g5 Ng6 23. Rf2 Rh7 24. Bg4 Ne5 25. Be2 Ng6 26. b4 Qe5 27. Rhf1 Nh8 28. Nf3 Rxh3 29.
Nxe5 Rxe3 30. Rxf7+ Nxf7 31. Rxf7+ Kd8 32. Nxd7 Rxc3 33.
Nf6 Nxf6 34. gxf6 Rc7 35. Bh5 Rh8 36. Rg7 Rxg7 37. fxg7 Rg8 38. Bf7 Rxg7 39. Bxe6 Rg3 40. Kb2 Kc7 41. Bd5 Kb6 42. c4 Re3 43. cxb5 axb5 44.
Ka2 Kc7 45. Kb2 Kd7 46. Ka2 Ke7 47. Bc6 Ke6 48. Kb2 Ke5 49. Bxb5 Rxe4 50. Kc3 Re3+ 51. Bd3 d5 52. a4 Kd6 53. a5 Kc6 54. Kd4 Rh3 55. b5+ Kd6 56. b6 Rh4+ 57. Kc3 Kc6 58. Kb3 Rh3 59. Kc3 Rh4 60. Kb3 Kc5 61. Kc3 Rg4 62. b7 Rg8 63. a6 Kb6 64. Kd4 Rd8 65. Be2 Ka7 66. Kc5 d4 67. Bd3 Rd7 68.
Kc6 Rg7 69. Kd5 Rg4 70. Kc6 Rg3 71. Kc7 Rg7+ 72. Kd6 Kb8 73. Ke5 Rg4 74. Kd5 Rh4 75. Kc5 Ka7 76. Kd5 Rg4 77. Kc6 Rg3 78. Kc7 Rg7+ 79.
Kd6 Kb8 80. Kd5 Rd7+ 81. Kc6 Re7 82. Bc4 Re3 83. Kb6 Re6+ 84. Bxe6 1-0

[Event "*** Titled Tuesday Blitz"]
[Site "Chess.com"]
[Date "2021.02.02"]
[Round "11"]
[White "VladaSviridova"]
[Black "Manukyan_Artak"]
[Result "1/2-1/2"]
[WhiteElo "2251"]
[BlackElo "2384"]
[TimeControl "180+1"]
[EndTime "12:09:04 PST"]
[Termination "Game drawn by 50-move rule"]

1. d4 Nf6 2. c4 g6 3. Nc3 Bg7 4. e4 O-O 5. Nf3 d6 6. Be2 e5 7. O-O Nc6 8. d5 Ne7 9. Ne1 Nd7 10. Be3 a5 11. Nd3 b6 12. a3 Nc5 13. b4 Nxd3 14. Bxd3 f5 15. f3 h5 16. Bg5 Bf6 17. Qd2 f4 18. Bxf6 Rxf6 19. c5 g5 20. cxd6 cxd6 21.
Nb5 Ba6 22. Rac1 Bxb5 23. Bxb5 g4 24. fxg4 hxg4 25. g3 Ng6 26. Rc6 Rc8 27. Rxc8 Qxc8 28. Rc1 Qf8 29. Rf1 fxg3 30. hxg3 Rxf1+ 31. Bxf1 Qf3 32.
Qh6 Qxg3+ 33. Bg2 Qe1+ 34. Kh2 Qh4+ 35. Qxh4 Nxh4 36. Kg3 Ng6 37. Kxg4 axb4 38. axb4 Kf7 39. Kg5 Nf4 40. Bf3 b5 41. Kf5 Ke7 42. Bd1 Nd3 43.
Be2 Nxb4 44. Bxb5 Nc2 45. Ba6 Nd4+ 46. Kg5 Nf3+ 47. Kf5 Nd2 48. Bb7 Nb3 49. Bc6 Nc5 50.
Ba8 Kd8 51. Bc6 Kc7 52. Ba8 Kb6 53. Bc6 Ka5 54. Be8 Kb4 55. Bh5 Kc4 56. Bf3 Kd4 57.
Bh1 Ke3 58. Bg2 Kf2 59. Bh1 Ke3 60. Bg2 Kd4 61. Bh1 Nd3 62. Ke6 Kc5 63. Kf5 Nf2 64. Bf3 Kd4 65. Ke6 Kc5 66. Kf5 Nd3 67. Ke6 Ne1 68. Bh1 Nc2 69. Kf5 Ne3+ 70. Ke6 Nf1 71. Bf3 Ng3 72. Bg2 Ne2 73. Bh1 Nf4+ 74.
Kf5 Kd4 75. Bf3 Ke3 76. Bh1 Kd4 77. Bf3 Kc4 78. Bh1 Kc5 79. Bf3 Kb6 80. Bh1 Kc7 81. Bf3 Kd7 82. Bh1 Ke7 83. Bf3 Nd3 84. Bh1 Ne1 85. Kg5 Nc2 86. Kf5 Ne3+ 87. Kg5 Kf7 88. Bf3 Nf1 89. Bh1 Ng3 90. Bf3 Nf1 91. Kf5 Nd2 92. Bh1 Ke7 93. Kg5 Kd7 94. Kf5 1/2-1/2

[Event "*** Titled Tuesday Blitz"]
[Site "Chess.com"]
[Date "2021.02.02"]
[Round "11"]
[White "Michaelson_11"]
[Black "jens1102"]
[Result "1-0"]
[WhiteElo "2294"]
[BlackElo "2399"]
[TimeControl "180+1"]
[EndTime "12:09:07 PST"]
[Termination "Michaelson_11 won by checkmate"]

1. e4 e6 2. d4 d5 3. Nd2 dxe4 4. Nxe4 Nf6 5. Bg5 Be7 6. Nxf6+ gxf6 7. Be3 b6 8. Bb5+ c6 9. Bd3 Bb7 10. Nf3 Nd7 11. Qe2 f5 12. O-O-O Qc7 13. c4 O-O-O 14. g3 c5 15. d5 exd5 16. Bxf5 d4 17. Bf4 Bd6 18. Bxd6 Qxd6 19. Rhe1 Kc7 20. Nd2 Qf6 21. Be4 Rhe8 22. Qh5 Qxf2 23. Rf1 Qe3 24. Rf3 Qe2 25. Bxb7 Kxb7 26. Qd5+ Kc7 27. Rxf7 Qe6 28. Qxe6 Rxe6 29. Rxh7 Rf8 30. Kc2 Re2 31. Kd3 Re3+ 32.
Kc2 Rf2 33. Rf1 Ree2 34. Rxf2 Rxf2 35. Kd3 Kc6 36. Rh6+ Kb7 37. Rh7 Kc8 38. Rh8+ Kc7 39. Rh7 Kd8 40. Rh8+ Ke7 41. Rh7+ Ke6 42. Rh6+ Kf5 43.
Rh5+ Kg6 44. Rd5 Nf6 45. Rd6 Kg7 46. Rc6 Rxh2 47. Rc7+ Kg6 48. Rc6 Rg2 49. Ne4 Kf5 50. Rxf6+ Ke5 51. Rg6 Rg1 52. Rg5+ Ke6 53. g4 Rd1+ 54.
Ke2 Rb1 55. Kf3 Rxb2 56. Rg6+ Ke5 57. Rg5+ Ke6 58. Rg6+ Ke5 59. Rg7 Ke6 60. Kf4 Rxa2 61. Rg6+ Kf7 62. Rd6 Ke7 63. Ke5 Re2 64. Rg6 Kf7 65.
Rf6+ Ke7 66. Rh6 d3 67. Rh7+ Kf8 68. Rh8+ Kg7 69. Rd8 Rg2 70. g5 d2 71. Rxd2 Rg1 72. Rd7+ Kg6 73. Rd6+ Kg7 74. Kf5 Rf1+ 75. Ke5 Rg1 76.
Rd7+ Kg6 77. Rxa7 Rc1 78. Kd5 Rd1+ 79. Ke5 Rc1 80. Rb7 Rxc4 81. Rxb6+ Kg7 82. Kf5 Rc1 83. Rb7+ Kf8 84. Kg6 c4 85. Nf6 c3 86. Rf7# 1-0